 Dungeon Crawl Stone Soup version 0.29.1-1-gd02db6906a (webtiles) character file.

Game seed: 9376066605580001750

3385 cdecastro the Slicer (level 10, -10/53 HPs)
             Began as a Kobold Brigand on Oct 7, 2022.
             Was a Follower of Yredelemnul.
             Mangled by a hornet (11 damage)
             ... while paralysed by a hornet
             ... on level 9 of the Dungeon.
             The game lasted 00:24:26 (10733 turns).

cdecastro the Slicer (Kobold Brigand)              Turns: 10733, Time: 00:24:27

Health: -10/53     AC:  5    Str: 10    XL:     10   Next: 24%
Magic:  10/10      EV:  3    Int: 16    God:    Yredelemnul [*.....]
Gold:   465        SH:  0    Dex: 16    Spells: 6/9 levels left

rFire   . . .      SeeInvis .   A - +2 dagger (protect)
rCold   . . .      Faith    .   (no shield)
rNeg    . . .      Spirit   .   b - +0 robe
rPois   .          Reflect  .   (no helmet)
rElec   .          Harm     .   c - +0 cloak
rCorr   .          Rampage  .   C - +0 pair of gloves
Will    .....                   x - +0 pair of boots
Stlth   ++++++....              (no amulet)
HPRegen 0.17/turn               k - +4 ring of evasion
MPRegen 0.12/turn               t - +4 ring of evasion

@: paralysed, lethally poisoned (-10 -> -25), slowed
A: small, no large weapons, nightstalker 3
a: Renounce Religion, Recall Undead Harvest


You were on level 9 of the Dungeon.
You worshipped Yredelemnul.
Yredelemnul was noncommittal.
You visited 1 branch of the dungeon, and saw 9 of its levels.
You also visited: Ossuary.

You collected 668 gold pieces.
You spent 203 gold pieces at shops.

Inventory:

Hand Weapons
 A - a +2 dagger of protection (weapon)
Missiles
 d - 25 poisoned darts (quivered)
 e - 4 curare-tipped darts
 h - 106 stones
Armour
 b - a +0 robe (worn)
 c - a +0 cloak (worn)
 x - a +0 pair of boots (worn)
 C - a +0 pair of gloves (worn)
Magical Staves
 G - a staff of conjuration
Jewellery
 k - a +4 ring of evasion (left hand)
 t - a +4 ring of evasion (right hand)
 y - a ring of resist corrosion
 H - a ring of flight
Wands
 B - a wand of flame (32)
 I - a wand of polymorph (11)
 M - a wand of roots (7)
Scrolls
 g - 3 scrolls of immolation
 j - 7 scrolls of teleportation
 m - a scroll of brand weapon {unknown}
 n - 4 scrolls of noise {unknown}
 o - a scroll of fog {unknown}
 q - a scroll of vulnerability {unknown}
 r - 2 scrolls of summoning
 s - 3 scrolls of torment
 v - 5 scrolls of amnesia
 z - 2 scrolls of magic mapping {unknown}
 D - 4 scrolls of enchant armour
 E - a scroll of fear
 F - a scroll of blinking
 K - 2 scrolls of identify
Potions
 a - a potion of heal wounds
 f - 3 potions of mutation
 i - 5 potions of magic
 l - 2 potions of lignification
 p - a potion of haste
 u - 7 potions of might
 w - 3 potions of curing
 J - a potion of cancellation
 L - a potion of brilliance {unknown}


   Skills:
 - Level 2.1 Fighting
 - Level 12.6 Short Blades
 * Level 7.0 Throwing
 - Level 1.2 Dodging
 + Level 12.5 Stealth


You had 6 spell levels left.
You knew the following spells:

 Your Spells              Type           Power      Damage    Failure   Level
a - Dazzling Flash        Conj/Hex       0%         N/A       58%         3

Your spell library contained the following spells:

 Spells                   Type           Power      Damage    Failure   Level
 Apportation              Tloc           0%         N/A       26%         1
 Beastly Appendage        Tmut           0%         N/A       26%         1
 Shock                    Conj/Air       0%         1d3       26%         1
 Poisonous Vapours        Pois/Air       0%         N/A       36%         2
 Wereblood                Tmut           0%         N/A       36%         2
 Spider Form              Tmut/Pois      0%         N/A       58%         3
 Swiftness                Air            0%         N/A       58%         3
 Airstrike                Air            0%         2d(0-16)  94%         4
 Corpse Rot               Necr/Pois/Air  0%         N/A       94%         4
 Agony                    Necr           0%         N/A       100%        5
 Alistair's Intoxication  Tmut/Pois      0%         N/A       100%        5
 Silence                  Hex/Air        0%         N/A       100%        5


Dungeon Overview and Level Annotations

Branches:
Dungeon (9/15)             Temple (0/1) D:6             Orc (0/2) D:9
Ossuary (visited)
   Lair: D:8-11

Altars:
Cheibriados
Fedhas
Gozag
Makhleb
Nemelex Xobeh
Qazlal
Vehumet
Yredelemnul

Shops:
D:1 (   D:5 ?   D:8 =

Annotations:
D:8 accidentally opened a vault, run!, Du3lingdragon's ghost, novice MiFi


Innate Abilities, Weirdness & Mutations

You are small and have problems with some larger weapons.
You are completely attuned to the shadows.


Message History

The floor.
Unknown command.
Press: ? - help, v - describe, . - travel, g - get item
Here: a hornet (severely wounded) Item here: a poisoned dart.
The floor.
There are monsters nearby!
Unknown command.
Unknown command.
Unknown command.
Throw: 26 darts (poison)
Press: ? - help, Q - select action, (/) - cycle Shift-Dir - straight line, f/p - hornet
Aim: a hornet (severely wounded, 51% to hit)
You throw a poisoned dart.
The poisoned dart closely misses the hornet.
You feel yourself speed up.
You feel sick. The hornet stings you.
You are more poisoned.
You suddenly lose the ability to move!
The orc wizard hits you but does no damage.
Your kobold brigand zombie misses the orc.
The orc barely misses your kobold brigand zombie. x2
The hornet stings you!
* * * LOW HITPOINT WARNING * * *
You are lethally poisoned!
You feel yourself slow down.
* * * LOW HITPOINT WARNING * * *
You feel very sick. The hornet stings you.
* * * LOW HITPOINT WARNING * * *
You feel as though you will be slow longer.
The orc hits your kobold brigand zombie with a +0 flail.
The orc hits your kobold brigand zombie with a +0 short sword.
Your kobold brigand zombie closely misses the orc.
* * * LOW HITPOINT WARNING * * *
You feel very sick.
Your orc wizard zombie seems less confused.
The hornet stings you!
You die...
Your body rises from the dead as a mindless zombie.

......# #.......#
######.### ......#
#####+### ##.# ..#####
#..# #...## ##. ##.##
...... #.. #..# ......
####.###### ###'#####
.<.... ##..)......#
#........ ......
....Z.o....# #..).....
...... #..oy@....#
#...))... ......
#...Z....<####...)....
......
#..o........##........
#.........#..'........
###.##########........
###+#####


You could see a hornet, an orc wizard (ally target), 2 orcs, a friendly kobold
brigand zombie and a friendly orc wizard zombie.

Vanquished Creatures
  A troll (D:6)
  A steam dragon (D:8)
  A water moccasin (D:8)
  Pargi (D:3)
  A black bear (D:4)
  3 ice beasts
  2 wolves (D:8)
  A centaur (D:8)
  A phantom (D:7)
  3 kobold brigands
  3 bullfrogs
  An elf skeleton (D:8)
  2 necrophages
  2 scorpions (D:5)
  2 wights (D:6)
  2 howler monkeys (D:8)
  3 orc priests
  Crazy Yiuf (D:4)
  A hound (D:5)
  3 jellies
  5 iguanas
  4 human skeletons (D:8)
  5 orc wizards
  8 mummies (Ossuary)
  6 adders
  A shadow imp (D:6)
  A white imp (D:6)
  2 ufetubi
  2 worms (D:4)
  3 dart slugs
  16 orcs
  5 ball pythons
  5 bats
  9 endoplasms
  3 giant cockroaches
  2 gnoll zombies (Ossuary)
  8 goblins
  7 hobgoblins
  3 jackals
  3 quokkas
  A hobgoblin zombie (Ossuary)
  18 kobolds
  3 kobold zombies (Ossuary)
  3 orc zombies
  9 rats
167 creatures vanquished.

Vanquished Creatures (collateral kills)
  Grum (D:8)
  A wolf (D:8)
  A necrophage (D:3)
  A scorpion (D:5)
  A howler monkey (D:8)
  An adder (D:5)
  3 orcs
  2 bats (D:2)
  A giant cockroach (D:3)
  A hobgoblin (D:1)
  2 jackals (D:4)
  A ball python (D:2)
  4 kobolds
20 creatures vanquished.

Vanquished Creatures (others)
  2 wolf zombies (D:8)
  A bullfrog zombie (D:8)
  A hound zombie (D:5)
  3 howler monkey zombies (D:8)
  A gnoll zombie (D:8)
  A worm zombie (D:4)
  An iguana zombie (D:6)
  A jelly zombie (D:8)
  A spectral white imp (D:6)
  An orc (D:6)
  A ball python zombie (D:3)
  An endoplasm zombie (D:3)
  A goblin zombie (D:3)
  A kobold zombie (D:7)
  4 orc zombies
  A spectral ufetubus (D:4)
  7 fungi (D:7)
  A plant (D:7)
30 creatures vanquished.

Grand Total: 217 creatures vanquished

Notes
Turn   | Place    | Note
-------+----------+-------------------------------------------
     0 | D:1      | cdecastro the Kobold Brigand began the quest for the Orb.
     0 | D:1      | Reached XP level 1. HP: 12/12 MP: 1/1
    93 | D:1      | Reached XP level 2. HP: 17/17 MP: 2/2
   292 | D:1      | Reached XP level 3. HP: 21/21 MP: 3/3
   491 | D:1      | Found a faded altar of an unknown god.
   498 | D:1      | Prayed at the altar of an unknown god.
   498 | D:1      | Became a worshipper of Yredelemnul the Dark
   498 | D:1      | Reached * piety under Yredelemnul
   553 | D:1      | Found Biothyg's Antique Weapon Boutique.
  1162 | D:2      | Reached XP level 4. HP: 26/26 MP: 4/4
  1177 | D:2      | Reached skill level 5 in Short Blades
  1227 | D:2      | Reached ** piety under Yredelemnul
  1921 | D:3      | Reached XP level 5. HP: 30/30 MP: 5/5
  2058 | D:3      | Noticed Pargi
  2078 | D:3      | Killed Pargi
  2079 | D:3      | Reached XP level 6. HP: 14/35 MP: 6/6
  2342 | D:3      | Found an opulent altar of Gozag.
  2832 | D:4      | Noticed a black bear
  2835 | D:4      | Killed a black bear
  2836 | D:4      | Reached XP level 7. HP: 40/40 MP: 7/7
  2949 | D:4      | Found a sparkling altar of Nemelex Xobeh.
  3448 | D:4      | Identified the +5 plate armour "Xegrupes" {+Blink Int+5}
  3595 | D:4      | Identified the +9 mace of Quick Death {flame, Int+9 Dex-2}
  3767 | D:4      | Found a runed translucent door.
  3770 | D:4      | Noticed Crazy Yiuf
  3778 | D:4      | Killed Crazy Yiuf
  4032 | D:5      | Entered Level 5 of the Dungeon
  4197 | D:5      | Found a basalt altar of Yredelemnul.
  4198 | D:5      | Found a burning altar of Makhleb.
  4198 | D:5      | Found a snail-covered altar of Cheibriados.
  4524 | D:5      | Reached XP level 8. HP: 44/44 MP: 8/8
  4773 | D:5      | Reached skill level 10 in Short Blades
  5117 | D:5      | Reached *** piety under Yredelemnul
  5556 | D:5      | Found Odymuyre's Magic Scroll Shop.
  5559 | D:5      | Bought a scroll of identify for 22 gold pieces
  5559 | D:5      | Bought a scroll of teleportation for 33 gold pieces
  5559 | D:5      | Bought a scroll of fear for 44 gold pieces
  5559 | D:5      | Bought a scroll of blinking for 82 gold pieces
  5559 | D:5      | Bought a scroll of identify for 22 gold pieces
  5792 | D:6      | Found a stormy altar of Qazlal.
  5816 | D:6      | Noticed a troll
  5820 | D:6      | Killed a troll
  5931 | D:6      | Found a staircase to the Ecumenical Temple.
  6152 | D:6      | Found a radiant altar of Vehumet.
  6687 | D:6      | Reached skill level 10 in Stealth
  6799 | D:6      | Reached XP level 9. HP: 48/48 MP: 9/9
  7605 | D:7      | Found a blossoming altar of Fedhas.
  7887 | D:7      | Learned a level 3 spell: Dazzling Flash
  8476 | D:8      | Found a runed translucent gate.
  8477 | D:8      | Found a runed translucent gate.
  8478 | D:8      | Noticed Du3lingdragon's ghost (novice MiFi)
  8580 | D:8      | Found a sand-covered staircase.
  8585 | Ossuary  | Entered an ossuary
  9113 | D:8      | Noticed Grum
  9510 | D:8      | Reached skill level 5 in Throwing
  9513 | D:8      | Reached XP level 10. HP: 53/53 MP: 10/10
  9540 | D:8      | Found Okhac's Jewellery Shop.
  9689 | D:8      | HP: 1/53 [Grum/+0 spear (13)]
  9700 | D:8      | Killed Grum
 10419 | D:8      | Found a runed translucent gate.
 10452 | D:8      | Your ally Grum died
 10589 | D:9      | Found a staircase to the Orcish Mines.
 10731 | D:9      | Paralysed by a hornet for 3 turns
 10733 | D:9      | HP: 1/53 [poisoned by a hornet]
 10733 | D:9      | Mangled by a hornet

Illustrated notes

Levels and vault maps discovered:
D:1:      kennysheep_arrival_seaside, layout_loops_ring, serial_shops,
          nicolae_shop_window_shopping,
          dreamdust_ecumenical_altar_angels_and_demons
D:2:      layout_rooms, minmay_domino_4
D:3:      layout_rooms, old_standard_altar, uniq_pargi
D:4:      layout_loops_ring, marbit_many_paths, uniq_crazy_yiuf_cottage
D:5:      layout_layer_cave, chequers_temple_overflow_statue_of_worship,
          serial_shops, kennysheep_mini_moat, minmay_misc_feat_nine_boxes
D:6:      layout_rooms, kennysheep_little_box, fiery_altar_vehumet,
          minmay_temple_entry_mist
D:7:      layout_basic, fedhas_altar_3
D:8:      layout_loops_ring, serial_shops, nicolae_shop_advertising_works
          [nicolae_subvault_shop_adworks], gammafunk_ghost_nasty_kobolds,
          nicolae_ossuary_entry_catacombs, grunt_decor_junction, uniq_grum
D:9:      layout_roguey, orc_0_dummy, minmay_variable_closet

Skill      XL: |  1  2  3  4  5  6  7  8  9 10 |
---------------+-------------------------------+-----
Short Blades   | 3 4 5 6 7 9 11 12 | 12.6
Stealth        | 6 7 8 10 11 12 | 12.5
Throwing       | 5 7 |  7.0
Fighting       | |  2.1
Dodging        | |  1.2

Action                   |  1- 3 |  4- 6 |  7- 9 | 10-12 || total
-------------------------+-------+-------+-------+-------++-------
Melee: Dagger            |    74 |    91 |   577 |    81 ||   823
       Punch             |     1 |       |    12 |     2 ||    15
Throw: Dart              |       |     2 |    16 |    15 ||    33
Invok: Recall Undead Har |       |     1 |       |       ||     1
       Dark Bargain      |       |       |       |     1 ||     1
  Use: Scroll            |       |       |    16 |       ||    16
 Stab: Sleeping          |    25 |    21 |    30 |     5 ||    81
       Distracted        |     1 |     3 |     5 |       ||     9
Armor: Robe              |    17 |    16 |    66 |     9 ||   108
Dodge: Dodged            |    29 |    52 |   274 |    94 ||   449
